Map: Temple of the Past

Players

wasp

  • Race: Protoss Protoss
  • Spawn Location: 0:00

larsgj

  • Race: Zerg Zerg

VOD

Have the link to the VOD?

Description

Time

  • Played on: Dec. 23, 2022, 6:25 p.m.
  • Length: 26:31
Show
View Real Time Build Order
Export as new Build Order

wasp Protoss 

Build Orders:  

Get SALT Encoding   

  12  0:11  Probe (Chrono Boost)  
  13  0:25  Probe (Chrono Boost)  
  14  0:39  Probe (Chrono Boost)  
  15  1:06  Pylon  
  15  1:12  Pylon  
  15  1:16  Pylon  
  15  1:21  Pylon  
  15  1:31  Probe (Chrono Boost)  
  16  1:44  Probe (Chrono Boost)  
  17  1:58  Probe (Chrono Boost)  
  18  2:12  Probe (Chrono Boost)  
  19  2:26  Probe (Chrono Boost)  
  20  2:30  Pylon  
  20  2:40  Probe (Chrono Boost)  
  21  2:54  Probe (Chrono Boost)  
  21  2:58  Forge  
  22  3:26  Pylon  
  22  3:56  Photon Cannon  
  22  4:01  Photon Cannon  
  22  4:04  Photon Cannon  
  22  4:09  Photon Cannon  
  22  4:52  Photon Cannon  
  22  4:54  Photon Cannon  
  22  4:56  Photon Cannon  
  22  5:02  Photon Cannon  
  22  5:45  Photon Cannon  
  22  5:48  Photon Cannon  
  22  5:51  Photon Cannon  
  22  5:53  Photon Cannon  
  22  5:55  Photon Cannon  
  22  6:04  Photon Cannon  
  22  6:06  Photon Cannon  
  22  6:09  Photon Cannon  
  22  6:21  Photon Cannon  
  22  6:24  Photon Cannon x2  
  22  6:43  Photon Cannon  
  22  7:24  Pylon  
  22  9:34  Photon Cannon  
  22  9:36  Photon Cannon  
  22  9:38  Photon Cannon x2  
  22  9:41  Photon Cannon  
  22  9:47  Photon Cannon  
  22  11:19  Pylon  
  22  11:35  Pylon  
  22  11:53  Photon Cannon  
  22  11:55  Photon Cannon  
  22  11:56  Photon Cannon  
  22  12:01  Photon Cannon  
  22  12:03  Photon Cannon  
  22  12:07  Photon Cannon  
  22  12:13  Photon Cannon x2  
  22  12:15  Photon Cannon  
  22  12:18  Photon Cannon  
  22  12:25  Photon Cannon  
  22  12:30  Photon Cannon  
  22  12:40  Photon Cannon  
  22  12:46  Photon Cannon  
  21  14:03  Photon Cannon  
  21  14:04  Photon Cannon  
  21  14:10  Photon Cannon  
  21  14:12  Photon Cannon  
  21  14:15  Photon Cannon  
  21  14:17  Photon Cannon  
  21  14:19  Photon Cannon  
  21  14:26  Photon Cannon  
  21  14:27  Photon Cannon  
  21  14:31  Photon Cannon  
  19  16:13  Photon Cannon  
  19  16:15  Photon Cannon  
  19  16:19  Photon Cannon  
  19  16:21  Photon Cannon  
  19  16:23  Photon Cannon  
  19  16:25  Photon Cannon  
  19  16:26  Photon Cannon  
  19  16:29  Photon Cannon  
  19  16:31  Photon Cannon  
  19  16:32  Photon Cannon  
  19  16:40  Photon Cannon  
  19  18:17  Photon Cannon  
  19  18:19  Photon Cannon  
  19  18:21  Photon Cannon  
  19  18:23  Photon Cannon  
  19  18:24  Photon Cannon  
  19  18:26  Photon Cannon  
  19  18:27  Photon Cannon  
  19  18:30  Photon Cannon  
  19  18:33  Photon Cannon  
  19  18:37  Photon Cannon  
  19  18:38  Photon Cannon  
  18  18:41  Photon Cannon  
  18  18:47  Photon Cannon  
  18  18:55  Photon Cannon  
  18  19:17  Photon Cannon  
  18  19:24  Photon Cannon  
  18  19:41  Photon Cannon  
  18  21:52  Pylon  
Show
View Real Time Build Order
Export as new Build Order

larsgj Zerg 

Build Orders:  

Get SALT Encoding   

  12  0:08  Infested SCV  
  13  0:39  Overlord  
  13  0:41  Overlord  
  13  0:42  Infested SCV  
  13  0:44  Infested SCV  
  15  1:06  Infested Barracks  
  15  1:17  Infested SCV  
  16  1:21  Infested SCV  
  16  1:22  Infested SCV  
  18  2:22  Infested Marine  
  18  2:23  Infested Marine x3  
  22  2:33  Infested SCV x3  
  22  2:34  Infested SCV  
  22  2:38  Infestation Level 1  
  26  2:49  Infested Refinery  
  26  2:56  Infested Marine, Infested Refinery  
  26  2:57  Infested Marine x4  
  31  3:21  Overlord x2  
  31  3:22  Overlord  
  31  3:39  Infested Barracks  
  27  4:10  Infested Command Center  
  22  5:03  Infested SCV x2  
  22  5:04  Infested SCV x3  
  27  5:30  Infested Engineering Bay  
  27  5:46  Infested Marine x2  
  27  5:47  Infested Marine x5  
  27  5:48  Infested Marine x13  
  27  5:49  Infested Refinery  
  47  6:20  Infested SCV x2  
  47  6:21  Infested SCV x2  
  47  6:22  Infested Refinery  
  51  6:35  Infestation Level 2  
  51  6:40  Stukov Infantry Weapons Level 1  
  51  6:54  Infested SCV x2  
  51  6:55  Infested SCV x2  
  51  6:58  Infested SCV  
  36  7:31  Infested Factory  
  36  8:19  Infested Marine x9  
  45  8:20  Infested Marine x11  
  48  9:40  Infested Marine x10  
  48  9:41  Infested Marine x10  
  51  11:16  Stukov Infantry Weapons Level 2  
  36  11:31  Infested Factory Tech Lab  
  36  11:36  Infested SCV x2  
  36  11:37  Infested SCV x3  
  41  11:53  Infested SCV  
  42  12:34  Infested Barracks Tech Lab  
  42  12:46  Infested Armory  
  42  13:01  Infested Marine x4  
  42  13:02  Infested Marine x16  
  49  14:26  Stukov Infantry Armor Level 1  
  42  15:24  Infested Marine x10  
  42  15:25  Infested Marine x10  
  62  15:46  Infested Barracks  
  62  15:53  Infested SCV  
  62  15:54  Overlord x2  
  62  15:55  Overlord x2  
  63  16:48  Infested Barracks  
  63  17:04  Infested Marine x7  
  63  17:05  Infested Marine x4  
  63  17:06  Stukov Infantry Weapons Level 3  
  54  17:13  Infested Marine  
  54  17:14  Infested Marine x17  
  72  17:30  Infested Marine  
  72  17:31  Infested Marine x9  
  82  17:45  Infested Marine  
  82  17:46  Infested Marine x8  
  91  17:54  Infested Marine  
  91  17:55  Infested Marine x6  
  41  19:10  Infested Marine x9  
  41  19:11  Infested Marine x22  
  41  19:12  Infested Marine x9  
  80  19:36  Infested SCV  
  80  19:37  Infested SCV x4  
  85  19:44  Overlord x2  
  85  19:45  Overlord x3  
  77  20:46  Stukov Infantry Armor Level 2  
  72  20:59  Infested Bunker  
  52  21:02  Infested Bunker  
  52  21:04  Infested Marine  
  52  21:05  Infested Marine x13  
  61  21:30  Infested Bunker  
  97  22:12  Infested Missile Turret  
  97  22:20  Infested Bunker  
  101  22:30  Infested Bunker  
  117  22:40  Infested Missile Turret  
  119  23:09  Infested Missile Turret  
  119  23:10  Overlord x4, Infested Bunker  
  119  23:11  Overlord  
  119  23:15  Overlord x2  
  119  23:20  Infested Bunker  
  119  23:38  Infested Missile Turret  
  119  23:59  Infested Bunker  
  119  24:06  Infested Missile Turret  
  119  24:08  Infested Bunker  
  119  24:17  Infested Marine  
  119  24:18  Infested Marine x21  
  119  24:19  Infested Marine x18  
  159  24:36  Infested Missile Turret  
  159  24:42  Infested Marine  
  159  24:47  Infested Bunker  
  142  24:58  Infested Bunker  
  130  25:04  Infested Missile Turret  
  130  25:10  Infested Marine  
  130  25:11  Infested Marine x25  
  130  25:12  Infested Marine x10  
  155  25:32  Infested Missile Turret  
  155  25:34  Infested Bunker  
  149  25:42  Infested Marine  
  149  25:46  Infested Bunker  
  119  26:00  Infested Marine  
  119  26:01  Infested Marine x22  
  119  26:02  Infested Marine x17, Infested Missile Turret  
Tags
 
Add a new tag
Caveats
  • Supply blocks, unpowered buildings, or Contaminate may cause inaccurate times.
  • Supply counts are checked every 10 seconds.